 Dungeon Crawl Stone Soup version 0.28-a0-792-g75f770b44e (webtiles) character file.

Game seed: 520440592470265696

82594 Essalna the Arsonist (level 15, -15/97 HPs)
             Began as a Gargoyle Fire Elementalist on Nov 3, 2021.
             Was a High Priest of Vehumet.
             Killed by an exploding bloated husk (20 damage)
             ... on level 2 of the Swamp.
             The game lasted 01:19:30 (27428 turns).

Essalna the Arsonist (Gargoyle Fire Elementalist)  Turns: 27428, Time: 01:19:31

Health: -15/97     AC: 20    Str: 14    XL:     15   Next: 74%
Magic:  4/39       EV: 17    Int: 27    God:    Vehumet [*****.]
Gold:   1976       SH:  5    Dex: 16    Spells: 11/37 levels left

rFire   + . .      SeeInvis .   K - +6 trident "Repug" {flame, Str+2 Int+5}
rCold   x . .      Faith    .   R - +0 buckler
rNeg    + . .      Spirit   .   d - +2 robe {Archmagi}
rPois   ∞          Reflect  .   (no helmet)
rElec   +          Harm     .   c - +1 cloak {rCorr}
rCorr   +          Rampage  .   n - +1 pair of gloves {Dex+3}
Will    +....      Archmagi +   (no boots)
Stlth   ++........              v - amulet of magic regeneration
HPRegen 0.26/turn               U - ring of magical power
MPRegen 0.51/turn               S - ring "Kuxtauci" {Fire rPois Dex+3}

@: about to teleport, flying
A: sickness immunity, AC +11, big wings, negative energy resistance 1,
electricity resistance, torment resistance 1, petrification resistance
a: Renounce Religion


You were on level 2 of the Swamp.
You worshipped Vehumet.
Vehumet was extremely pleased with you.
You visited 5 branches of the dungeon, and saw 22 of its levels.
You also visited: Ossuary, Ice Cave and Volcano.

You collected 2156 gold pieces.
You spent 180 gold pieces at shops.

Inventory:

Hand Weapons
 K - the +6 trident "Repug" (weapon) {flame, Str+2 Int+5}
   (You found it on level 1 of the Lair of Beasts)

   It burns those it strikes, dealing additional fire damage.
   Str:       It affects your strength (+2).
   Int:       It affects your intelligence (+5).
Armour
 c - a +1 cloak of preservation (worn)
 d - a +2 robe of the Archmagi (worn)
 n - a +1 pair of gloves of dexterity (worn)
 u - a +1 cloak
 J - the +2 robe of Card Tricks {Int+3}
   (You found it on level 1 of the Lair of Beasts)

   Int:       It affects your intelligence (+3).
 Q - the +1 robe "Baerompy" {Harm rN+ MP+9 Slay-3}
   (You found it on level 6 of the Lair of Beasts)

   Slay:      It affects your accuracy & damage with ranged weapons and melee
   (-3).
   rN:        It protects you from negative energy.
   MP:        It affects your magic capacity (+9).
   Harm:      It increases damage dealt and taken.
 R - a +0 buckler (worn)
Jewellery
 v - an amulet of magic regeneration (around neck)
 x - a ring of ice
 B - a ring of protection from cold
 I - a ring of ice
 M - a ring of resist corrosion
 S - the ring "Kuxtauci" (right hand) {Fire rPois Dex+3}
   (You found it on level 6 of the Lair of Beasts)

   [ring of fire]

   It enhances your fire magic.
   Dex:       It affects your dexterity (+3).
   rF:        It protects you from fire.
   rC:        It makes you vulnerable to cold.
   rPois:     It protects you from poison.
 U - a ring of magical power (left hand)
 V - a ring of protection from fire
 W - the ring of Trepidation {Fire rN++ Slay+6}
   (You found it in an ice cave)

   [ring of fire]

   It enhances your fire magic.
   Slay:      It affects your accuracy & damage with ranged weapons and melee
   (+6).
   rF:        It protects you from fire.
   rC:        It makes you vulnerable to cold.
   rN:        It greatly protects you from negative energy.
 X - an amulet of regeneration
 Y - a ring of wizardry
Wands
 a - a wand of iceblast (17)
Scrolls
 b - 3 scrolls of acquirement {unknown}
 e - 2 scrolls of teleportation
 j - 11 scrolls of identify
 m - a scroll of blinking
 q - 3 scrolls of holy word
 s - 4 scrolls of amnesia
 y - a scroll of enchant weapon
 D - 3 scrolls of enchant armour
 E - 2 scrolls of fog
 H - 4 scrolls of magic mapping
 L - a scroll of immolation
 P - 2 scrolls of silence
Potions
 f - 5 potions of attraction
 g - 5 potions of curing
 h - 3 potions of heal wounds {unknown}
 i - 3 potions of resistance {unknown}
 k - 5 potions of flight {unknown}
 l - 3 potions of ambrosia {unknown}
 o - 6 potions of might {unknown}
 p - 2 potions of brilliance
 r - 3 potions of mutation {unknown}
 t - 3 potions of degeneration {unknown}
 w - 3 potions of lignification {unknown}
 z - 2 potions of berserk rage {unknown}
 A - 2 potions of haste {unknown}
 G - a potion of magic {unknown}


   Skills:
 + Level 12.5 Fighting
 - Level 5.0 Armour
 - Level 9.2 Dodging
 - Level 2.1 Stealth
 - Level 4.0 Shields
 + Level 11.6 Spellcasting
 - Level 12.6 Conjurations
 + Level 12.8 Fire Magic
 + Level 4.6 Ice Magic
 - Level 8.0 Earth Magic


You had 11 spell levels left.
You knew the following spells:

 Your Spells              Type           Power      Damage    Failure   Level
a - Foxfire               Conj/Fire      100%       2x1d9     0%          1
b - Scorch                Fire           100%       2d10      1%          2
c - Flame Wave            Conj/Fire      100%       3d16      1%          4
d - Stone Arrow           Conj/Erth      100%       3d13      1%          3
e - Sticky Flame          Conj/Fire      100%       2d11      1%          4
f - Fireball              Conj/Fire      56%        3d22      1%          5
g - Ozocubu's Refrigerat  Ice            28%        4d10      71%         7

Your spell library contained the following spells:

 Spells                   Type           Power      Damage    Failure   Level
 Freeze                   Ice            100%       1d11      1%          1
 Passwall                 Tmut/Erth      45%        N/A       1%          2
 Conjure Flame            Conj/Fire      100%       6-21      1%          3
 Frozen Ramparts          Ice            100%       1d12      1%          3
 Ignite Poison            Fire/Tmut/Pois 73%        N/A       1%          3
 Inner Flame              Hex/Fire       85%        N/A       1%          3
 Mephitic Cloud           Conj/Pois/Air  55%        N/A       1%          3
 Iskenderun's Battlesphe  Conj           90%        2d14      1%          5
 Freezing Cloud           Conj/Ice/Air   31%        6-21      2%          5
 Lightning Bolt           Conj/Air       32%        1d50      2%          5
 Beastly Appendage        Tmut           46%        N/A       3%          1
 Pain                     Necr           92%        1d8       3%          1
 Orb of Destruction       Conj           45%        9d15      4%          7
 Corpse Rot               Necr/Air       46%        N/A       5%          2
 Wereblood                Tmut           23%        N/A       5%          2
 Airstrike                Air            11%        N/A       10%         4
 Spider Form              Tmut/Pois      23%        N/A       11%         3
 Swiftness                Air            23%        N/A       11%         3
 Tukima's Dance           Hex            23%        N/A       11%         3
 Conjure Ball Lightning   Conj/Air       32%        3x3d10    11%         6
 Summon Ice Beast         Ice/Summ       42%        N/A       14%         4
 Yara's Violent Unravell  Hex/Tmut       11%        3d6       24%         5
 Dispel Undead            Necr           23%        3d12      34%         4
 Passage of Golubria      Tloc           23%        N/A       34%         4
 Summon Lightning Spire   Summ/Air       23%        N/A       34%         4
 Agony                    Necr           23%        N/A       69%         5
 Excruciating Wounds      Necr           11%        N/A       69%         5
 Summon Mana Viper        Hex/Summ       23%        N/A       69%         5
 Death Channel            Necr           11%        N/A       99%         6
 Invisibility             Hex            11%        N/A       99%         6
 Monstrous Menagerie      Summ           11%        N/A       100%        7


Dungeon Overview and Level Annotations

Branches:
Dungeon (11/15)            Temple (1/1) D:7            Lair (6/6) D:9
  Swamp (2/4) Lair:2       Spider (0/4) Lair:2        Slime (0/5) Lair:5
    Orc (2/2) D:10            Elf (0/3) Orc:2       Ossuary (visited)
  IceCv (visited)         Volcano (visited)

Altars:
Ashenzari
Cheibriados
Dithmenos
Elyvilon
Fedhas
Gozag
Hepliaklqana
Nemelex Xobeh
Okawaru
Qazlal
Ru
Sif Muna
Trog
Uskayaw
Vehumet
Wu Jian
Xom
Beogh
Jiyva

Shops:
D:4 :=((   D:7 *   Orc:2 ([:[=

Annotations:
Swamp:2 1 runed translucent door, dricus's ghost, adept GnWn


Innate Abilities, Weirdness & Mutations

You are immune to sickness and miasma.
Your stone body is resilient. (AC +11)
You are immune to poison.
Your large and strong wings let you fly.
You resist negative energy. (rN+)
You are resistant to electric shocks. (rElec)
You are resistant to unholy torment.
You are immune to petrification.


Message History

A necrophage comes into view.
A spriggan rider comes into view. It is wielding a +0 spear.
Casting: Fireball (safe; 1% risk of failure)
Confirm with . or Enter, or press ? or * to list all spells.
Casting: Flame Wave (safe; 1% risk of failure)
Press: ? - help, Dir - look around, f - activate You feel a strong surge of power!
A wave of flame ripples out!
The mangrove smoulders and burns. (Press . to intensify the flame waves.)
A necrophage comes into view.
A wave of flame ripples out!
The mangrove smoulders and burns.
The flame wave engulfs the ghoul!!
The ghoul is severely damaged.
The ghoul is engulfed in a cloud of scalding steam. x2
Without enough magic to sustain them, the waves of flame dissipate.
The ghoul is engulfed in a cloud of scalding steam.
The ghoul claws you!! The ghoul claws you!
The ghoul is engulfed in blazing flames.
The spriggan rider is engulfed in a cloud of scalding steam.
The spriggan rider hits you from afar with a +0 spear!
A bloated husk comes into view.
The spriggan rider is engulfed in a cloud of scalding steam.
The spriggan rider completely misses you.
As you read the scroll of teleportation, it crumbles to dust.
You feel strangely unstable.
The ghoul is engulfed in a cloud of scalding steam.
The spriggan rider is engulfed in a cloud of scalding steam.
The spriggan rider hits you from afar with a +0 spear!
The ghoul is engulfed in a cloud of scalding steam.
The ghoul claws you!!
* * * LOW HITPOINT WARNING * * *
The ghoul claws you!
* * * LOW HITPOINT WARNING * * *
The ghoul is engulfed in a cloud of scalding steam.
The spriggan rider is engulfed in a cloud of scalding steam.
The spriggan rider barely misses you.
The bloated husk is engulfed in a cloud of scalding steam.
The bloated husk explodes!
The blast of putrescent gases engulfs you!!
You die...

≈≈?≈.≈.♣♣ .......
≈≈≈.§§≈♣ ≈≈..≈≈≈
♣♣♣♣♣n≈≈§○♣ ≈≈≈≈≈†.
≈≈[§≈☼§§☼○♣♣♣♣ ≈≈.≈≈≈.
..†§n.≈≈≈○♣♣≈♣♣
..♣♣♣..
..≈§§≈inn§♣♣≈≈♣♣♣♣
♣.≈≈
..≈≈≈§§≈≈≈♣≈≈≈≈.≈♣
♣≈≈.
≈≈≈≈≈§≈≈≈≈♣♣..≈≈≈♣
♣.≈.
..≈≈.§§@.≈≈§....≈♣
♣♣♣≈
......≈≈≈......♣♣♣♣♣♣
♣♣
≈≈....≈≈≈≈≈≈..♣♣≈≈≈.♣
♣
..§♣≈<.≈≈≈.....≈≈≈≈.♣
§≈.♣♣≈....≈..>...≈.♣♣
♣ ≈≈ ≈≈.≈.≈...≈♣≈♣≈♣♣♣
♣♣ ≈.........≈♣♣♣♣♣ ♣.
.≈.......≈.♣♣ ♣.
....###...≈.♣♣♣♣♣♣♣♣♣≈


You could see 2 ghouls, a spriggan rider and 2 necrophages.

Vanquished Creatures
  A thorn hunter (Swamp:2)
  2 bunyips
  A white draconian (IceCv)
  An eleionoma (Swamp:1)
  Josephine (D:10)
  2 shambling mangroves (Swamp:2)
  4 hydras
  A spriggan air mage (Swamp:1)
  Fannar (Orc:1)
  A catoblepas (Lair:6)
  A boulder beetle (Orc:2)
  A ghost crab (Swamp:2)
  Erica (D:9)
  Erolcha (D:9)
  A centaur warrior (Volcano)
  2 two-headed ogres
  5 death yaks
  3 alligators (Swamp:1)
  3 orc high priests (Orc:2)
  Sonja (D:10)
  4 goliath frogs
  A bog body (Swamp:1)
  2 swamp dragons (Swamp:1)
  An oklob plant (Lair:6)
  6 orc knights (Orc:2)
  A manticore (D:11)
  3 orc sorcerers (Orc:2)
  2 cyclopes (D:11)
  2 will-o-the-wisps (Swamp:1)
  2 ice statues (IceCv)
  Joseph (D:9)
  7 black mambas
  2 gargoyles (D:11)
  2 torpor snails
  A kobold demonologist (D:10)
  8 cane toads
  9 komodo dragons
  2 yaktaurs (Volcano)
  Maggie (Lair:1)
  7 rime drakes
  3 trolls
  13 polar bears
  2 bloated husks
  2 tyrant leeches (Swamp:1)
  19 hornets
  5 dream sheep
  6 blink frogs
  A centaur simulacrum (D:11)
  2 redbacks (Lair:2)
  19 spriggans
  4 wyverns
  4 shadows
  A vampire (D:11)
  A water elemental (D:11)
  5 wraiths (D:10)
  2 basilisks
  A steam dragon (D:8)
  67 yaks
  12 vampire mosquitoes
  3 acid dragons
  3 wargs
  6 swamp worms
  11 water moccasins
  A swamp drake (Swamp:1)
  20 orc warriors
  A sky beast (D:7)
  3 ice beasts
  6 ogres
  4 black bears
  3 boggarts (Lair:6)
  12 centaurs
  23 wolves
  A kobold brigand (D:9)
  3 scorpions
  11 bullfrogs
  6 water moccasin zombies (Ossuary)
  2 lindwurm simulacra (IceCv)
  4 howler monkeys
  5 komodo dragon simulacra (IceCv)
  3 centaur zombies
  12 orc priests
  3 hounds (D:5)
  2 gnoll shamans (D:5)
  2 iguanas
  20 orc wizards
  7 hell rats (Lair:3)
  A spriggan simulacrum (D:11)
  A killer bee zombie (D:7)
  A hound zombie (D:5)
  2 mummies (Ossuary)
  A hound skeleton (D:4)
  A howler monkey zombie (D:6)
  10 gnolls (D:5)
  2 naga simulacra (D:11)
  4 acid dragon simulacra (IceCv)
  8 adders
  A shadow imp (D:7)
  5 white imps
  2 ufetubi (D:11)
  10 steam dragon simulacra (IceCv)
  3 adder zombies (Ossuary)
  A worm (D:2)
  A dart slug (D:2)
  48 orcs
  3 endoplasms
  5 giant cockroaches
  5 gnoll zombies (Ossuary)
  8 goblins
  4 hobgoblins
  5 jackals (D:2)
  2 quokkas
  9 ball pythons
  4 bats (D:1)
  2 frilled lizards (D:1)
  7 hobgoblin zombies (Ossuary)
  13 kobolds
  A kobold zombie (Ossuary)
  2 orc zombies (Ossuary)
  4 rats
  3 briar patches (Swamp:2)
623 creatures vanquished.

Vanquished Creatures (collateral kills)
  30 foxfires
30 creatures vanquished.

Vanquished Creatures (others)
  A swamp dragon (Swamp:2)
  A bloated husk (Swamp:2)
  An orc priest (Orc:2)
  3 briar patches (Swamp:2)
  A bush (Lair:6)
  1923 foxfires
  47 fungi
  23 plants
2000 creatures vanquished.

Grand Total: 2653 creatures vanquished

Notes
Turn   | Place    | Note
-------+----------+-------------------------------------------
     0 | D:1      | Essalna the Gargoyle Fire Elementalist began the quest for
                  | the Orb.
     0 | D:1      | Reached XP level 1. HP: 10/10 MP: 3/3
   288 | D:1      | Reached XP level 2. HP: 6/15 MP: 0/5
   507 | D:1      | Found a faded altar of an unknown god.
  1756 | D:2      | Reached XP level 3. HP: 19/19 MP: 1/6
  1890 | D:2      | Learned a level 2 spell: Scorch
  2555 | D:3      | Reached XP level 4. HP: 24/24 MP: 6/8
  3551 | D:4      | Found Babalohi's Book Shoppe.
  3711 | D:4      | Found Afeygri's Jewellery Emporium.
  3723 | D:4      | Found Jighicoe's Weapon Emporium.
  3844 | D:4      | Reached XP level 5. HP: 9/28 MP: 4/9
  4213 | D:4      | Found Dovehant's Weapon Shoppe.
  4939 | D:5      | Entered Level 5 of the Dungeon
  5081 | D:5      | Noticed a centaur
  5505 | D:5      | Noticed an ice beast
  5509 | D:5      | Killed an ice beast
  5510 | D:5      | Reached XP level 6. HP: 30/32 MP: 4/11
  5856 | D:5      | Reached skill level 5 in Fire Magic
  5883 | D:5      | Reached XP level 7. HP: 25/36 MP: 6/13
  6052 | D:5      | Reached skill level 5 in Conjurations
  6725 | D:6      | Found an iron altar of Okawaru.
  6774 | D:6      | Reached skill level 1 in Fighting
  6774 | D:6      | Reached skill level 1 in Armour
  6774 | D:6      | Reached XP level 8. HP: 43/43 MP: 7/15
  7136 | D:6      | Reached skill level 5 in Spellcasting
  7267 | D:6      | You fall into a shaft and drop 3 floors!
  7267 | D:9      | Found a staircase to the Lair.
  7672 | D:9      | Noticed a shadow
  7678 | D:9      | Killed a shadow
  7798 | D:8      | Reached XP level 9. HP: 50/50 MP: 14/17
  7934 | D:8      | Found a sand-covered staircase.
  7940 | Ossuary  | Entered an ossuary
  8577 | D:7      | Found a staircase to the Ecumenical Temple.
  8595 | Temple   | Entered the Ecumenical Temple
  8637 | Temple   | Became a worshipper of Vehumet
  8807 | D:7      | Learned a level 4 spell: Flame Wave
  9078 | D:7      | Found Paahacag's Serpentskin Sales.
 10244 | D:9      | Noticed a hornet
 10251 | D:9      | Killed a hornet
 10252 | D:9      | Reached XP level 10. HP: 58/58 MP: 4/19
 10350 | D:9      | Reached skill level 5 in Armour
 10356 | Lair:1   | Entered Level 1 of the Lair of Beasts
 10357 | Lair:1   | Reached * piety under Vehumet
 10357 | Lair:1   | Offered knowledge of Freeze by Vehumet.
 10358 | Lair:1   | Reached skill level 5 in Fighting
 10597 | Lair:1   | Noticed Maggie
 10606 | Lair:1   | Killed Maggie
 10645 | Lair:1   | Identified the +6 trident "Repug" {flame, Str+2 Int+5}
 10670 | Lair:1   | Identified the +2 robe of Card Tricks {Int+3}
 11154 | Lair:1   | Noticed a cane toad
 11162 | Lair:1   | Killed a cane toad
 11263 | Lair:1   | Reached skill level 5 in Dodging
 11375 | Lair:1   | Noticed a black mamba
 11382 | Lair:1   | Killed a black mamba
 11383 | Lair:1   | Reached XP level 11. HP: 53/66 MP: 15/21
 12208 | Lair:2   | Found a hole to the Spider Nest.
 12335 | Lair:2   | Noticed a death yak
 12337 | Lair:2   | Noticed a death yak
 12359 | Lair:2   | Found a hide-covered altar of Uskayaw.
 12445 | Lair:2   | Identified the +9 war axe of the Skies Above {spect,
                  | Fragile rElec rCorr Dex-3}
 12600 | Lair:2   | Found a staircase to the Swamp.
 12848 | Lair:2   | Noticed a death yak
 12945 | Lair:3   | Reached ** piety under Vehumet
 12946 | Lair:3   | Offered knowledge of Sandblast by Vehumet.
 13044 | Lair:3   | Noticed a six-headed hydra
 13052 | Lair:3   | Killed a six-headed hydra
 13182 | Lair:3   | Noticed a five-headed hydra
 13271 | Lair:3   | Reached XP level 12. HP: 47/73 MP: 8/24
 13459 | Lair:3   | Killed a five-headed hydra
 13760 | Lair:4   | Reached skill level 10 in Conjurations
 13762 | Lair:4   | Offered knowledge of Stone Arrow by Vehumet.
 13863 | Lair:3   | Learned a level 3 spell: Stone Arrow
 14052 | Lair:4   | Reached *** piety under Vehumet
 14059 | Lair:4   | Reached skill level 1 in Earth Magic
 14961 | Lair:5   | Reached skill level 10 in Fire Magic
 15188 | Lair:5   | Found a staircase to the Slime Pits.
 15188 | Lair:5   | Found a viscous altar of Jiyva.
 15793 | Lair:6   | Entered Level 6 of the Lair of Beasts
 15821 | Lair:6   | Offered knowledge of Sticky Flame by Vehumet.
 15866 | Lair:6   | Learned a level 4 spell: Sticky Flame
 16321 | Lair:6   | Noticed a catoblepas
 16322 | Lair:6   | Noticed a death yak
 16411 | Lair:6   | Reached XP level 13. HP: 80/80 MP: 20/26
 17250 | Lair:6   | Reached **** piety under Vehumet
 17251 | Lair:6   | Reached skill level 5 in Earth Magic
 17382 | Lair:6   | Offered knowledge of Iskenderun's Mystic Blast by Vehumet.
 17606 | Lair:6   | Reached skill level 10 in Fighting
 17664 | Lair:6   | Reached ***** piety under Vehumet
 17678 | Lair:6   | Offered knowledge of Fireball by Vehumet.
 17685 | Lair:6   | Learned a level 5 spell: Fireball
 18510 | Lair:6   | Reached skill level 10 in Spellcasting
 18721 | Lair:6   | Identified the +1 robe "Baerompy" {Harm rN+ MP+9 Slay-3}
 18860 | Lair:6   | Identified the +4 ring mail of a sewer {Dex+4}
 18860 | Lair:6   | Identified the ring "Kuxtauci" {Fire rPois Dex+3}
 19420 | Lair:2   | Reached skill level 1 in Shields
 19420 | Lair:2   | Gained mutation: Your large and strong wings let you fly.
                  | [Gargoyle growth]
 19420 | Lair:2   | Reached XP level 14. HP: 76/88 MP: 6/28
 19855 | D:9      | Noticed Erolcha
 19861 | D:9      | Killed Erolcha
 19883 | D:9      | Noticed Joseph
 19895 | D:9      | Killed Joseph
 19936 | D:9      | Noticed Erica
 19943 | D:9      | Killed Erica
 19981 | D:9      | Found a hazy altar of Hepliaklqana.
 20198 | D:9      | You are sucked into a shaft and drop 2 floors!
 20227 | D:11     | Found a frozen archway.
 20248 | IceCv    | Entered an ice cave
 20333 | IceCv    | Got Sif Muna's Collected Works on the Snowflakes
 20740 | IceCv    | Noticed a white draconian
 20747 | IceCv    | Killed a white draconian
 20857 | IceCv    | Identified the ring of Trepidation {Fire rN++ Slay+6}
 20959 | D:10     | Entered Level 10 of the Dungeon
 20974 | D:10     | Noticed Sonja
 20976 | D:10     | Killed Sonja
 20977 | D:10     | Offered knowledge of Fulminant Prism by Vehumet.
 21692 | D:11     | Identified the +1 scale mail of the Verdant Barnacle
                  | {rCorr}
 22362 | D:10     | Found a staircase to the Orcish Mines.
 22512 | D:10     | Noticed Josephine
 22521 | D:10     | Killed Josephine
 22614 | D:10     | Found an ornate altar of the Wu Jian Council.
 22619 | D:10     | Found a sparkling altar of Nemelex Xobeh.
 22622 | D:10     | Found a shimmering altar of Xom.
 22679 | D:10     | Found a blossoming altar of Fedhas.
 23040 | Orc:1    | Entered Level 1 of the Orcish Mines
 23488 | Orc:2    | Entered Level 2 of the Orcish Mines
 23492 | Orc:2    | Found a staircase to the Elven Halls.
 23621 | Orc:2    | Found a dark tunnel.
 23628 | Volcano  | Entered a volcano
 23780 | Volcano  | Found a bloodstained altar of Trog.
 24548 | Orc:2    | Found Riblagai's Jewellery Boutique.
 25046 | Orc:2    | Reached XP level 15. HP: 91/95 MP: 22/29
 25090 | Orc:2    | Offered knowledge of Ozocubu's Refrigeration by Vehumet.
 25099 | Orc:2    | Learned a level 7 spell: Ozocubu's Refrigeration
 25141 | Orc:2    | Reached skill level 1 in Ice Magic
 25264 | Orc:2    | Found Bannelov's Antique Weapon Boutique.
 25264 | Orc:2    | Found Vadoemyo's Antique Armour Emporium.
 25267 | Orc:2    | Found Suoged's Book Emporium.
 25267 | Orc:2    | Found Amaitt's Armour Boutique.
 25283 | Orc:2    | Bought a pair of runed gloves for 180 gold pieces
 25656 | Orc:1    | Noticed Fannar
 25663 | Orc:1    | Killed Fannar
 25859 | Swamp:1  | Entered Level 1 of the Swamp
 27119 | Swamp:2  | Found a broken altar of Ashenzari.
 27288 | Swamp:2  | Found a runed translucent door.
 27291 | Swamp:2  | Noticed dricus's ghost (adept GnWn)
 27293 | Swamp:2  | Noticed a thorn hunter
 27307 | Swamp:2  | Killed a thorn hunter
 27418 | Swamp:2  | Noticed a ghoul
 27419 | Swamp:2  | Noticed a ghoul
 27425 | Swamp:2  | HP: 4/97 [ghoul (8)]
 27428 | Swamp:2  | Killed by an exploding bloated husk

Illustrated notes

Levels and vault maps discovered:
D:1:      erik_arrival_cave_to_civilisation [erik_arrival_cave_to_hall],
          layout_basic, shapermc_ecumenical_altar_totnotflames,
          grunt_decor_fettered, minmay_crystal_room
D:2:      layout_rooms, kennysheep_small_spiral
D:3:      layout_basic
D:4:      layout_loops_ring, serial_shops, nicolae_lakefront_shop, shop,
          nicolae_shop_statue_plus, kennysheep_little_box,
          kennysheep_cluttered_room
D:5:      layout_cave_pools
D:6:      layout_rooms, okawaru_metal_pillars_3
D:7:      layout_loops_ring, minmay_temple_entry_wispy, guppyfry_shop_venom
D:8:      layout_basic, nicolae_ossuary_entry_ruins, serial_curves,
          eino_curves_01, eino_curves_01
D:9:      layout_loops_cross, mainiacjoe_overflow_paths,
          erik_lair_orcish_takeover, uniq_erica, uniq_joseph, uniq_erolcha
D:10:     layout_rooms, fedhas_altar_fruit_tree,
          minmay_overflow_temple_star_quad, uniq_sonja, uniq_josephine
D:11:     minmay_s_stair_smasher, layout_long_grid, enter_bailey_3, serial_ice,
          serial_ice_l, serial_ice_h, serial_ice_f, serial_ice_b, serial_ice_m,
          portal_ice_cave_entry_ice_simulacra
Temple:   eino_temple_rhombus
Lair:1:   layout_cave_pods, beast_lair_carwin_2, uniq_maggie
Lair:2:   layout_regular_city, minmay_swamp_entry_swarm, spider_nest_entry_a,
          basic_altar, minivault_23
Lair:3:   layout_hall_layers, serial_bayou_pond_e, infiniplex_staircase_pool_2,
          serial_bayou_shore_b
Lair:4:   layout_regular_city, lemuel_fruit_fields
Lair:5:   layout_small_grid, slime_altar_1, beast_lair_carwin_5
Lair:6:   minmay_lair_end_enchanted_forest, layout_cave_pods
Swamp:1:  layout_falls_marsh, evilmike_swamp_ruin_house_4,
          nicolae_swamp_very_dense_foliage
Swamp:2:  layout_basic_swamp, hellmonk_ghost_happy_afterlife,
          nicolae_swamp_bean_lake, nicolae_swamp_godswood, swamp_pool5,
          nicolae_swamp_super_fun_site
Orc:1:    layout_caves, basic_altar, uniq_fannar
Orc:2:    grunt_orc_tribal_feast, layout_caves, serial_shops, shop,
          nicolae_volcano_entry_two_sided, rock_pile

Skill      XL: |  1  2  3  4  5  6  7  8  9 10 11 12 13 14 15 |
---------------+----------------------------------------------+-----
Conjurations   | 2 3 4 5 6 7 8 9 10 11 12 | 12.6
Spellcasting   | 3 4 5 6 7 8 9 10 11 | 11.6
Fire Magic     | 4 5 6 7 8 9 10 11 12 | 12.8
Fighting       | 1 3 4 6 8 9 10 11 12 | 12.5
Armour         | 1 3 4 5 |  5.0
Dodging        | 3 4 5 6 7 8 9 |  9.2
Earth Magic    | 3 6 8 |  8.0
Shields        | 1 4 |  4.0
Ice Magic      | 4 |  4.6
Stealth        | |  2.1

Action                   |  1- 3 |  4- 6 |  7- 9 | 10-12 | 13-15 || total
-------------------------+-------+-------+-------+-------+-------++-------
Melee: Dagger            |    45 |       |       |       |       ||    45
       Unarmed           |     2 |       |       |       |       ||     2
       Whip              |       |    49 |    31 |       |       ||    80
       Trident           |       |       |       |     2 |    54 ||    56
 Cast: Foxfire           |    77 |    78 |   166 |   234 |   551 ||  1106
       Scorch            |       |    10 |    91 |   128 |   164 ||   393
       Flame Wave        |       |       |       |    30 |    72 ||   102
       Sticky Flame      |       |       |       |     1 |    10 ||    11
       Fireball          |       |       |       |       |    77 ||    77
Evoke: Wand              |       |       |       |       |     3 ||     3
  Use: Scroll            |       |       |    11 |       |    11 ||    22
       Potion            |       |       |       |       |     1 ||     1
 Stab: Sleeping          |       |     1 |       |       |       ||     1
Armor: Robe              |    24 |    24 |    44 |    44 |   109 ||   245
Dodge: Dodged            |    37 |    36 |    71 |    99 |   218 ||   461
Block: Buckler           |       |       |       |       |    38 ||    38

Table legend: (Time is in decaauts)
 A = Elapsed time spent in this place.
 B = Non-inter-level travel time spent in this place.
 C = Inter-level travel time spent in this place.
 D = Time resting spent in this place.
 E = Time spent auto-exploring this place.
 F = Levels seen in this place.
 G = Mean time per level.
                   A        B        C        D        E       F      G
               +--------+--------+--------+--------+--------+-----+--------+
         Total |  27495 |  26067 |   1428 |   1299 |  20655 |  25 | 1099.8 |
       Dungeon |  12582 |  11917 |    665 |    555 |   9738 |  11 | 1143.8 |
        Temple |     58 |     39 |     19 |      0 |     32 |   1 |   58.0 |
          Lair |   9771 |   9273 |    498 |    744 |   7061 |   6 | 1628.5 |
         Swamp |   1378 |   1362 |     16 |      0 |   1159 |   2 |  689.0 |
  Orcish Mines |   2526 |   2297 |    229 |      0 |   1866 |   2 | 1263.0 |
       Ossuary |    285 |    285 |      0 |      0 |    172 |   1 |  285.0 |
      Ice Cave |    680 |    680 |      0 |      0 |    451 |   1 |  680.0 |
       Volcano |    211 |    211 |      0 |      0 |    176 |   1 |  211.0 |
               +--------+--------+--------+--------+--------+-----+--------+

Top non-repeatable levels by time:
  Lair:6: 3001 daAuts
  Lair:1: 2122 daAuts
     D:4: 2040 daAuts
   Orc:2: 1968 daAuts
     D:1: 1753 daAuts
  Lair:2: 1544 daAuts
  Lair:5: 1307 daAuts
     D:9: 1230 daAuts
     D:5: 1220 daAuts
    D:11: 1158 daAuts
     D:8: 1032 daAuts
 Swamp:1: 976 daAuts
  Lair:3: 936 daAuts
     D:3: 925 daAuts
     D:7: 904 daAuts
